 Dungeon Crawl Stone Soup version 0.28.0-53-g5a82cb258f (webtiles) character file.

Game seed: 6964475922202764537

399 styxcanada the Covert (level 6, -2/30 HPs)
             Began as a Spriggan Brigand on June 7, 2022.
             Slain by a river rat (6 damage)
             ... in a sewer.
             The game lasted 00:16:25 (3835 turns).

styxcanada the Covert (Spriggan Brigand)            Turns: 3835, Time: 00:16:26

Health: -2/30      AC:  5    Str:  7    XL:     6   Next: 54%
Magic:  9/9        EV: 17    Int: 13    God:
Gold:   180        SH:  6    Dex: 18    Spells: 5/8 levels left

rFire   . . .      SeeInvis +   a - +2 dagger
rCold   . . .      Faith    .   j - +0 buckler
rNeg    . . .      Spirit   .   b - +0 robe
rPois   .          Reflect  .   k - +2 hat
rElec   .          Harm     .   c - +0 cloak
rCorr   .          Rampage  .   (gloves unavailable)
Will    +....                   (boots unavailable)
Stlth   ++++......              (no amulet)
HPRegen 0.10/turn               (no ring)
MPRegen 0.11/turn               (no ring)

@: very quick
A: very small, no large weapons, unfitting armour, see invisible, speed 3
a: no special abilities


You were in a sewer.
You visited 1 branch of the dungeon, and saw 4 of its levels.
You also visited: Sewer.

You collected 180 gold pieces.

Inventory:

Hand Weapons
 a - a +2 dagger (weapon)
Missiles
 d - 4 poisoned darts (quivered)
 e - 2 curare-tipped darts
 g - 53 stones
 h - 38 sling bullets
Armour
 b - a +0 robe (worn)
 c - a +0 cloak (worn)
 j - a +0 buckler (worn)
 k - a +2 hat (worn)
Scrolls
 n - a scroll of holy word {unknown}
 o - a scroll of magic mapping {unknown}
Potions
 i - a potion of flight {unknown}
 l - a potion of ambrosia {unknown}
 m - a potion of resistance {unknown}
 p - a potion of cancellation {unknown}


   Skills:
 * Level 2.2 Fighting
 + Level 3.2 Short Blades
 + Level 2.5 Throwing
 * Level 3.4 Dodging
 * Level 8.5 Stealth
 * Level 1.1 Shields
 * Level 1.8 Spellcasting
 * Level 0.7 Conjurations
 * Level 1.5 Hexes


You had 5 spell levels left.
You knew the following spells:

 Your Spells              Type           Power      Damage    Failure   Level
a - Dazzling Flash        Conj/Hex       8%         N/A       71%         3

Your spell library contained the following spells:

 Spells                   Type           Power      Damage    Failure   Level
 Beastly Appendage        Tmut           2%         N/A       50%         1
 Wereblood                Tmut           1%         N/A       63%         2
 Portal Projectile        Hex/Tloc       6%         N/A       77%         3
 Call Canine Familiar     Summ           1%         N/A       86%         3
 Spider Form              Tmut/Pois      1%         N/A       86%         3
 Iskenderun's Mystic Bla  Conj/Tloc      2%         2d3       99%         4
 Leda's Liquefaction      Hex/Erth       1%         N/A       99%         4
 Starburst                Conj/Fire      1%         6d3       100%        6


Dungeon Overview and Level Annotations

Branches:
Dungeon (4/15)              Sewer (1/1)
 Temple: D:4-7

Altars:
Kikubaaqudgha


Innate Abilities, Weirdness & Mutations

You are very small and have problems with some larger weapons.
You are too small for most types of armour.
You have supernaturally acute eyesight. (SInv)
You cover ground extremely quickly. (Speed+++)


Message History

You hit the river rat but do no damage.
The river rat is moderately wounded.
You hit the river rat but do no damage.
The river rat is moderately wounded.
You block the river rat's attack.
You hit the river rat but do no damage.
The river rat is moderately wounded.
The river rat completely misses you.
You hit the river rat.
The river rat is moderately wounded.
You block the river rat's attack.
You barely miss the river rat.
The river rat is moderately wounded.
The river rat misses you.
You barely miss the river rat.
The river rat is moderately wounded.
The river rat bites you but does no damage.
You hit the river rat.
The river rat is heavily wounded.
The river rat misses you.
You closely miss the river rat.
The river rat is heavily wounded.
You block the river rat's attack.
You hit the river rat.
The river rat is almost dead.
The river rat bites you!
* * * LOW HITPOINT WARNING * * *
You barely miss the river rat.
The river rat is almost dead.
You block the river rat's attack.
You barely miss the river rat.
The river rat is almost dead.
The river rat closely misses you.
You hit the river rat but do no damage.
The river rat is almost dead.
The river rat completely misses you.
You closely miss the river rat.
The river rat is almost dead.
The river rat bites you.
You die...

≈≈....≈..#≈#########≈##
..≈P.≈..#≈..#≈≈≈.##..#
###......#≈##.#.≈≈#####
≈≈≈...≈.≈#≈####.###
#####P.≈...#≈# ###
≈≈≈≈≈≈....≈#≈###
≈≈≈≈≈..≈...≈≈≈.#
≈≈≈..≈≈..##########
≈≈≈≈≈..≈@r≈≈≈≈≈≈≈≈≈
≈≈≈≈≈≈≈..##########
≈≈≈≈≈≈≈≈≈≈ ≈≈≈≈≈≈≈≈≈≈≈
≈≈≈≈≈≈≈≈≈≈≈≈
≈≈≈≈≈≈≈≈≈≈≈≈≈
≈≈≈≈≈≈≈≈≈≈≈≈≈≈
≈≈≈≈≈≈≈≈≈≈≈≈≈≈


You could see a river rat.

Vanquished Creatures
  A scorpion (D:4)
  A vampire bat (D:3)
  A bullfrog skeleton (D:4)
  Natasha (thrice) (D:2)
  Terence (D:2)
  4 adders
  3 river rats (Sewer)
  3 worms
  4 dart slugs
  An orc (D:3)
  6 bats
  3 bat skeletons (D:3)
  2 bat zombies (D:3)
  An endoplasm (D:3)
  6 giant cockroaches
  7 goblins
  4 hobgoblins
  12 jackals
  7 kobolds
  A quokka (D:3)
  12 ball pythons
  5 frilled lizards
  A jackal skeleton (D:4)
  10 rats
99 creatures vanquished.

Vanquished Creatures (others)
  3 plants (Sewer)
3 creatures vanquished.

Grand Total: 102 creatures vanquished

Notes
Turn   | Place    | Note
-------+----------+-------------------------------------------
     0 | D:1      | styxcanada the Spriggan Brigand began the quest for the
                  | Orb.
     0 | D:1      | Reached XP level 1. HP: 10/10 MP: 2/2
    23 | D:1      | Reached skill level 6 in Stealth
    41 | D:1      | Reached XP level 2. HP: 8/14 MP: 3/3
   631 | D:1      | Reached XP level 3. HP: 16/18 MP: 4/4
  1096 | D:1      | Reached skill level 7 in Stealth
  1275 | D:2      | Noticed Natasha
  1281 | D:2      | Killed Natasha
  1282 | D:2      | Reached XP level 4. HP: 23/23 MP: 5/5
  1286 | D:2      | Learned a level 3 spell: Dazzling Flash
  1443 | D:2      | Noticed Natasha
  1462 | D:2      | Killed Natasha
  1777 | D:2      | Noticed Natasha
  1811 | D:2      | Noticed Terence
  1814 | D:2      | Killed Terence
  1815 | D:2      | Reached skill level 1 in Spellcasting
  1961 | D:2      | Reached XP level 5. HP: 26/26 MP: 7/7
  1990 | D:2      | Killed Natasha
  1991 | D:2      | Reached skill level 8 in Stealth
  2055 | D:2      | Identified the +1 leather armour of the Northern Lights
                  | {Rampage}
  2753 | D:3      | Reached skill level 1 in Hexes
  2882 | D:3      | Found a faded altar of an unknown god.
  3034 | D:3      | Found an ancient bone altar of Kikubaaqudgha.
  3147 | D:4      | Reached skill level 1 in Shields
  3147 | D:4      | Reached XP level 6. HP: 30/30 MP: 9/9
  3172 | D:4      | Found a glowing drain.
  3187 | Sewer    | Entered a sewer
  3835 | Sewer    | Slain by a river rat

Illustrated notes

Levels and vault maps discovered:
D:1:      amcnicky_arrival_wind_blow, layout_loops_cross,
          chequers_serial_rivers_micro_b
D:2:      layout_loops_ring, uniq_natasha, uniq_terence
D:3:      layout_rooms, kennysheep_vampire_church, ebering_ecumenical_altar_hall
D:4:      layout_cave_pools, cheibrodos_sewer_entry_sluice,
          guppyfry_early_lair_pool, uniq_ijyb, uniq_sigmund
Sewer:    sewer_co_scattered_pipes

Skill      XL: |  1  2  3  4  5  6 |
---------------+-------------------+-----
Stealth        | 6 7 8 |  8.5
Dodging        | 2 3 |  3.4
Fighting       | 2 |  2.2
Spellcasting   | 1 |  1.8
Hexes          | 1 |  1.5
Short Blades   | 3 |  3.2
Shields        | 1 |  1.1
Throwing       | |  2.5
Conjurations   | |  0.7

Action                   |  1- 3 |  4- 6 || total
-------------------------+-------+-------++-------
Melee: Dagger            |    92 |   323 ||   415
       Punch             |     1 |       ||     1
Throw: Dart              |    12 |    29 ||    41
       Stone             |       |     1 ||     1
  Use: Scroll            |       |     2 ||     2
       Potion            |       |     1 ||     1
 Stab: Sleeping          |    12 |    14 ||    26
       Distracted        |       |     1 ||     1
Armor: Robe              |     9 |    53 ||    62
Dodge: Dodged            |    49 |   213 ||   262
Block: Buckler           |       |   101 ||   101
